 Dungeon Crawl Stone Soup version 0.23-a0-389-g4a5eb33 (webtiles) character file.

52 iamserjio the Ducker (level 3, 0/12 HPs)
             Began as a Felid Necromancer on Oct 29, 2018.
             Was a Follower of Hepliaklqana.
             Killed from afar by Sigmund (7 damage)
             ... with a puff of flame
             ... on level 3 of the Dungeon.
             The game lasted 00:06:49 (3433 turns).

iamserjio the Ducker (Felid Necromancer)            Turns: 3433, Time: 00:06:50

Health: 0/12       AC:  1    Str:  4    XL:     3   Next: 60%
Magic:  5/7        EV: 20    Int: 16    God:    Hepliaklqana [*.....]
Gold:   102        SH:  0    Dex: 19    Spells: 1/6 levels left
                                        Lives:  0   Deaths: 1

rFire    . . .     SeeInvis +     - Unarmed
rCold    . . .     Gourm    .   (shield unavailable)
rNeg     . . .     Faith    .   (armour unavailable)
rPois    .         Spirit   .   (helmet unavailable)
rElec    .         Reflect  .   (cloak unavailable)
rCorr    .         Harm     .   (gloves unavailable)
MR       .....                  (boots unavailable)
Stlth    +++.......             j - amulet of inaccuracy (curse)
HPRegen  0.04/turn              l - ring of see invisible
MPRegen  0.10/turn              g - +2 ring of dexterity

@: quick
A: very small, no armour, no weapons or thrown items, stealth, reduced essence,
claws 1, fangs 3, see invisible, carnivore, speed 1, shaggy fur 1, slow
metabolism 1, sharp paws
a: Recall Ancestor, Ancestor Identity, Renounce Religion


You were on level 3 of the Dungeon.
You worshipped Hepliaklqana.
Hepliaklqana was aware of your devotion.
You were completely stuffed.

You visited 1 branch of the dungeon, and saw 3 of its levels.

You collected 102 gold pieces.

Inventory:

Jewellery
 f - an uncursed ring of protection from cold
 g - a +2 ring of dexterity (right paw)
 j - a cursed amulet of inaccuracy (around neck)
 l - a ring of see invisible (left paw)
Wands
 o - a wand of disintegration (20)
Scrolls
 a - 2 scrolls of amnesia {unknown}
 d - a scroll of enchant weapon {unknown}
 e - a scroll of teleportation {unknown}
 h - a scroll of noise {unknown}
 i - a scroll of random uselessness {unknown}
 m - a scroll of magic mapping {unknown}
 n - a scroll of remove curse {unknown}
Potions
 c - 2 potions of curing {unknown}
 k - 2 potions of heal wounds {unknown}
Comestibles
 b - 3 rations


   Skills:
 * Level 4.4 Dodging
 + Level 4.2 Stealth
 + Level 1.0 Unarmed Combat
 - Level 2.0 Spellcasting
 + Level 4.4 Necromancy


You had one spell level left.
You knew the following spells:

 Your Spells              Type           Power        Failure   Level  Hunger
a - Pain                  Necr           ###.         3%          1    #......
b - Vampiric Draining     Necr           ###.......   11%         3    ###....
c - Animate Skeleton      Necr           N/A          3%          1    #......

Your spell library contained the following spells:

 Spells                   Type           Power        Failure   Level  Hunger
 Regeneration             Chrm/Necr      #.........   26%         3    ###....
 Animate Dead             Necr           N/A          34%         4    #####..


Dungeon Overview and Level Annotations

Branches:
Dungeon (3/15)

Altars:
Hepliaklqana

Annotations:
D:3 Sigmund


Innate Abilities, Weirdness & Mutations

You cannot wear armour.
You are incapable of wielding weapons or throwing items.
Your paws allow you to move quietly. (Stealth)
You have sharp claws.
You have razor-sharp teeth.
You have supernaturally acute eyesight. (SInv)
You are carnivorous and can eat meat at any time.
You cover ground quickly.
You are covered in fur. (AC +1)
You have a slow metabolism.
Your sharp claws are effective at attacking unaware monsters.
Your life essence is reduced to manifest your ancestor. (-10% HP)


Message History

Okay, then.
Sigmund is too close now for your liking.
Sigmund is nearby!
Sigmund is nearby! :> is recalled.
Casting: Pain (safe; 3% risk of failure)
Aiming: Pain (safe; 3% risk of failure)
Aim: Sigmund, wielding a +4 scythe of flaming and wearing a +0 robe (chance to Sigmund writhes in agony!
Sigmund gestures at you while chanting.
The magic dart hits you! :> hits Sigmund.
Sigmund hits :> with a +4 scythe of flaming!
Sigmund burns :>. :> is destroyed!
There is an escape hatch in the ceiling here.
Sigmund gestures at you while chanting. The puff of flame hits you!
Ouch! That really hurt!
You die...

#. #.###....####### #.
##.#.......# ##.##
#@#######.#
#...#####.# #.#
#.R††<....# #.# #
#.@>####### ##.## .#
##### ##..<########.##
#####.#.#.##...#...##.
........@.)...........
#####.#.#.#....#...##
##...##.#.###.##
##.....#.# #.#
#######.# #.# #.# #.#
#.# #.# ##.###.######
#....R......#


You could see Sigmund.

Vanquished Creatures
  2 adders (D:2)
  A worm (D:3)
  2 dart slugs (D:1)
  3 leopard geckos
  2 orcs (D:3)
  2 giant cockroaches (D:1)
  8 goblins
  5 hobgoblins
  A jackal (D:3)
  A ball python (D:2)
  4 bats
  3 frilled lizards
  2 kobolds (D:1)
  6 rats
42 creatures vanquished.

Vanquished Creatures (collateral kills)
  An adder (D:2)
  A dart slug (D:2)
  A leopard gecko (D:3)
  An orc (D:3)
  A giant cockroach (D:3)
  A jackal (D:3)
  A quokka (D:3)
  A frilled lizard (D:3)
  A kobold (D:3)
9 creatures vanquished.

Vanquished Creatures (others)
  2 ancestors
2 creatures vanquished.

Grand Total: 53 creatures vanquished

Notes
Turn   | Place    | Note
-------+----------+-------------------------------------------
     0 | D:1      | iamserjio the Felid Necromancer began the quest for the
                  | Orb.
     0 | D:1      | Reached XP level 1. HP: 7/7 MP: 4/4
   373 | D:1      | Reached XP level 2. HP: 11/11 MP: 6/6
  1495 | D:1      | Reached XP level 3. HP: 14/14 MP: 7/7
  1540 | D:2      | Learned a level 3 spell: Vampiric Draining
  1542 | D:2      | Learned a level 1 spell: Animate Skeleton
  1550 | D:2      | Found a hazy altar of Hepliaklqana.
  1590 | D:2      | Became a worshipper of Hepliaklqana the Forgotten
  2272 | D:2      | Reached * piety under Hepliaklqana
  2498 | D:2      | Reached XP level 4. HP: 14/16 MP: 2/8
  2537 | D:3      | Noticed Sigmund
  2544 | D:3      | Slain by Sigmund
  2545 | D:3      | Reached XP level 3. HP: -2/12 MP: 2/7
  2818 | D:3      | Reached skill level 1 in Unarmed Combat
  3433 | D:3      | Killed from afar by Sigmund

Vault maps used:
D:1:      scummos_arrival_simple_crosswalls
D:2:      lemuel_crystal_altar
D:3:      marbit_many_paths, chequers_ecumenical_altar_grove,
          kennysheep_generic_room_8, uniq_sigmund

Skill      XL: |  1  2  3 |
---------------+----------+-----
Stealth        | 3 4 |  4.2
Dodging        | 3 4 |  4.4
Unarmed Combat | 1 |  1.0
Spellcasting   | |  2.0
Necromancy     | |  4.4

Action                   |  1- 3 |  4- 6 || total
-------------------------+-------+-------++-------
Melee: Unarmed           |    96 |     2 ||    98
       Bite              |     8 |     1 ||     9
 Cast: Pain              |    35 |     3 ||    38
Invok: Recall Ancestor   |     6 |     1 ||     7
       Ancestor Identity |     1 |       ||     1
 Stab: Sleeping          |    14 |     2 ||    16
  Eat: Chunk             |    16 |       ||    16
Armor: Skin              |     6 |       ||     6
Dodge: Dodged            |    90 |     2 ||    92

Table legend:
 A = Non-vault XP
 B = Vault XP
 C = Vault XP percentage of total XP
 D = Non-vault monster count
 E = Vault monster count
 F = Vault count percentage of total count
                 A         B        C        D         E       F
            +---------+---------+-------+---------+---------+-------
      Total |     134 |       0 |   0.0 |      51 |       0 |   0.0
            +---------+---------+-------+---------+---------+-------
        D:1 |      42 |       0 |   0.0 |      23 |       0 |   0.0
        D:2 |      58 |       0 |   0.0 |      14 |       0 |   0.0
        D:3 |      34 |       0 |   0.0 |      14 |       0 |   0.0
            +---------+---------+-------+---------+---------+-------
